Map: Prion Terraces

Players

Gravel

  • Race: Zerg Zerg
  • League: Master

xKawaiian - Winner!

  • Race: Terran Terran
  • League: Master

VOD

Have the link to the VOD?

Description

Time

  • Played on: Jan. 10, 2016, 4:21 p.m.
  • Length: 10:31
Show
View Real Time Build Order
Export as new Build Order

Gravel Zerg 

Build Orders: Hatch First 

Get SALT Encoding   

  12  0:00  Drone  
  13  0:12  Overlord  
  13  0:17  Drone  
  14  0:31  Drone x2  
  14  0:35  Drone  
  17  0:52  Hatchery  
  17  0:55  Drone  
  17  0:57  Extractor  
  16  1:10  Spawning Pool  
  15  1:14  Drone  
  15  1:18  Drone  
  17  1:20  Drone  
  18  1:29  Drone  
  19  1:39  Overlord  
  19  1:57  Queen  
  19  1:58  Zergling x2  
  19  2:00  Zergling x2  
  23  2:03  Metabolic Boost  
  23  2:07  Queen  
  25  2:11  Drone  
  26  2:20  Drone x2  
  28  2:29  Drone, Overlord  
  29  2:36  Extractor  
  28  2:38  Queen  
  29  2:45  Queen  
  29  2:48  Drone x2  
  33  2:53  Drone  
  33  2:57  Drone x2  
  36  3:00  Drone  
  37  3:07  Drone x2  
  37  3:08  Drone  
  40  3:13  Zergling x4  
  40  3:17  Spine Crawler  
  41  3:21  Spine Crawler  
  41  3:22  Zergling x2  
  41  3:23  Zergling x2  
  44  3:34  Overlord  
  44  3:40  Roach Warren  
  42  3:53  Overlord  
  42  3:58  Hatchery, Drone x2  
  43  4:08  Overlord x2  
  43  4:10  Extractor x2  
  39  4:17  Drone x2  
  39  4:23  Drone x2  
  39  4:24  Drone x2  
  44  4:25  Drone x3, Overlord  
  48  4:38  Lair  
  48  4:40  Drone  
  48  4:43  Drone x4  
  53  4:52  Zergling x2  
  54  4:58  Overlord  
  54  4:59  Roach x4  
  62  5:03  Drone  
  62  5:04  Drone, Overlord  
  64  5:13  Queen  
  64  5:14  Drone x2  
  68  5:27  Roach x4  
  76  5:31  Roach  
  76  5:32  Roach x2  
  82  5:37  Roach  
  82  5:38  Roach x2  
  90  5:42  Roach  
  90  5:44  Ravager x2  
  90  5:45  Overlord  
  84  6:00  Roach x4  
  84  6:02  Glial Reconstitution  
  84  6:03  Drone  
  84  6:04  Drone  
  88  6:08  Roach  
  88  6:09  Roach x2  
  92  6:12  Roach  
  92  6:13  Roach  
  92  6:15  Drone x2  
  98  6:23  Overlord  
  98  6:28  Overlord x2  
  98  6:36  Overlord x3  
  98  6:46  Queen  
  98  6:47  Ravager x3  
  103  6:49  Drone x3  
  103  6:50  Drone x6  
  103  6:53  Drone, Extractor  
  112  6:54  Extractor  
  112  6:57  Drone  
  112  7:04  Roach x2  
  112  7:08  Overlord  
  116  7:12  Spine Crawler  
  116  7:13  Drone x2  
  117  7:15  Evolution Chamber  
  117  7:16  Evolution Chamber, Drone  
  117  7:17  Drone x3  
  117  7:18  Roach  
  121  7:23  Roach x2  
  121  7:27  Roach  
  127  7:31  Roach  
  127  7:33  Overlord  
  127  7:36  Roach  
  131  7:41  Roach  
  131  7:42  Roach x5  
  143  7:44  Overlord  
  143  7:49  Overlord  
  143  7:52  Roach  
  143  7:56  Spire  
  134  8:01  Roach x2  
  134  8:02  Roach  
  140  8:06  Overlord, Queen  
  140  8:07  Drone  
  140  8:11  Roach  
  140  8:12  Roach x3  
  151  8:19  Roach x3  
  161  8:20  Roach x2  
  161  8:28  Zerg Missile Weapons Level 1, Zerg Ground Armor Level 1  
  147  8:38  Roach x3  
  147  8:41  Overlord  
  151  8:46  Overlord  
  151  8:47  Hatchery  
  151  8:48  Overlord  
  146  8:51  Overlord  
  146  8:54  Roach x3  
  150  8:58  Roach x2  
  150  9:02  Roach x2  
  160  9:03  Roach  
  160  9:10  Roach x4  
  161  9:17  Drone x2  
  165  9:24  Roach x4  
  165  9:27  Roach x3  
  165  9:30  Roach x2  
  181  9:34  Corruptor  
  181  9:36  Overlord  
  159  9:47  Roach  
  159  9:48  Roach x4  
  163  9:57  Roach x2  
  139  10:00  Overlord  
  139  10:03  Roach x2  
Show
View Real Time Build Order
Export as new Build Order

xKawaiian Terran - Winner!

Build Orders: Reaper Expand, MMM Bio 

Get SALT Encoding   

  12  0:01  SCV  
  13  0:13  SCV  
  14  0:17  Supply Depot  
  14  0:25  SCV  
  15  0:39  SCV  
  15  0:41  Barracks  
  16  0:48  Refinery  
  16  0:51  SCV  
  17  1:03  SCV  
  18  1:15  SCV  
  19  1:28  Orbital Command  
  19  1:31  Reaper  
  20  1:38  Command Center  
  20  1:48  Supply Depot  
  20  1:54  SCV  
  21  2:05  Barracks Reactor  
  21  2:06  SCV  
  21  2:07  Barracks  
  22  2:14  Barracks  
  22  2:18  SCV  
  23  2:30  SCV  
  24  2:42  SCV, Marine x2  
  27  2:50  Orbital Command  
  27  2:54  SCV  
  27  2:56  Barracks Tech Lab  
  28  3:00  Marine x2  
  28  3:01  Factory  
  28  3:05  Marine  
  31  3:06  SCV  
  31  3:10  Refinery  
  32  3:16  SCV  
  32  3:17  Marine  
  32  3:18  SCV  
  35  3:22  Stimpack  
  35  3:24  Marine  
  35  3:25  Marine  
  37  3:29  Marine  
  37  3:30  SCV  
  37  3:31  SCV  
  40  3:35  Marine  
  40  3:37  Supply Depot  
  41  3:42  SCV, Marine  
  41  3:43  SCV  
  41  3:46  Marine  
  41  3:47  Starport  
  45  3:49  Marine  
  46  3:58  Supply Depot, SCV x2, Marine  
  46  3:59  Factory Reactor  
  49  4:02  Supply Depot  
  49  4:04  Marine  
  49  4:09  Marine x2  
  51  4:10  SCV x2  
  54  4:19  Marine  
  54  4:22  Supply Depot, SCV  
  56  4:32  SCV  
  56  4:35  SCV  
  58  4:40  Medivac  
  58  4:42  Medivac, Marine  
  58  4:45  Command Center  
  63  4:46  SCV  
  63  4:47  SCV  
  63  4:49  Supply Depot  
  63  4:51  Marine x3  
  68  4:58  SCV, Factory Reactor  
  69  5:00  Supply Depot, Marine  
  69  5:02  SCV  
  69  5:03  Refinery  
  69  5:05  Refinery  
  71  5:08  Marine  
  71  5:09  Marine  
  71  5:10  SCV  
  71  5:12  Marine  
  75  5:18  Marine  
  75  5:19  SCV  
  77  5:25  SCV, Engineering Bay x2  
  77  5:26  Marine  
  80  5:30  Marine  
  80  5:31  Combat Shields  
  80  5:34  SCV  
  82  5:35  Marine  
  82  5:37  SCV  
  83  5:44  Marine  
  83  5:46  SCV  
  83  5:48  Marine  
  86  5:51  Barracks  
  86  5:53  Barracks, Marine  
  85  5:59  Marine  
  85  6:00  Marine  
  80  6:06  Marauder  
  80  6:11  Factory Tech Lab, Orbital Command, Marine  
  80  6:12  SCV  
  80  6:13  SCV  
  82  6:21  Terran Infantry Weapons Level 1, Terran Infantry Armor Level 1, Marine x3  
  82  6:24  Medivac  
  86  6:28  Marauder  
  86  6:30  Orbital Command, Marine  
  86  6:31  Supply Depot, Siege Tank  
  92  6:39  Marine  
  93  6:40  Barracks Tech Lab x2  
  93  6:42  SCV  
  93  6:43  SCV  
  93  6:46  Marine  
  96  6:48  Armory  
  96  6:49  Marauder  
  98  6:55  SCV x2  
  98  6:56  SCV  
  98  6:59  Medivac  
  98  7:00  Medivac  
  105  7:05  Marauder, Marine x3  
  105  7:07  SCV  
  111  7:09  Refinery  
  111  7:10  Marauder  
  111  7:11  Marine  
  111  7:12  Refinery  
  111  7:13  Concussive Shells  
  111  7:14  Marine  
  115  7:16  SCV  
  115  7:17  SCV  
  117  7:26  Bunker  
  117  7:29  Supply Depot  
  117  7:33  Supply Depot  
  117  7:34  Supply Depot  
  117  7:44  Supply Depot  
  117  7:50  Marine x2  
  117  7:51  Marauder x3  
  125  7:53  SCV, Marine  
  125  7:54  Marine  
  125  7:55  Medivac  
  124  7:59  Siege Tank, Medivac  
  124  8:01  SCV  
  129  8:06  Supply Depot  
  129  8:08  Supply Depot, Marine x2  
  129  8:09  SCV x2  
  129  8:11  Marine  
  129  8:12  Marauder x3  
  140  8:14  Marine  
  140  8:18  Command Center  
  140  8:24  SCV  
  140  8:25  SCV  
  140  8:26  SCV, Marine x2  
  144  8:30  Marine  
  144  8:31  Siege Tank  
  144  8:33  Marine  
  144  8:34  Marauder x3  
  151  8:36  SCV  
  151  8:41  SCV x2  
  151  8:44  Marine  
  151  8:47  Medivac  
  154  8:48  SCV  
  154  8:49  Medivac  
  154  8:51  Supply Depot  
  154  8:53  Marine  
  154  8:55  SCV, Marauder x2  
  162  8:56  SCV  
  162  9:00  SCV  
  162  9:02  Supply Depot  
  165  9:09  Marine  
  165  9:13  SCV, Marauder, Marine x3  
  165  9:16  Marauder  
  173  9:18  Marauder  
  173  9:23  Supply Depot  
  173  9:24  SCV, Siege Tank  
  176  9:25  Supply Depot  
  176  9:27  Supply Depot  
  176  9:31  Marine x2  
  177  9:34  Marine x2  
  177  9:35  Marauder  
  177  9:37  Marine  
  167  9:55  Marauder, Marine x2  
  167  9:56  Marine, Medivac x2, Siege Tank, Marauder  
  174  10:05  Marine  
  174  10:06  Marauder  
  177  10:09  Supply Depot  
  177  10:12  Marine  
  177  10:13  Marine  
  163  10:18  Barracks  
  160  10:21  Barracks  
  156  10:31  Refinery x2  
Tags
 
Add a new tag
Caveats
  • Supply blocks, unpowered buildings, or Contaminate may cause inaccurate times.
  • Supply counts are checked every 10 seconds.